 Dungeon Crawl Stone Soup version 0.31.0-4-g52a2dc7128 (webtiles) character file.

Game seed: 7318000122215664103

73401 booth the Mimic (level 15, -3/123 HPs)
             Began as a Grey Draconian Shapeshifter on Jan 21, 2024.
             Was the Champion of Hepliaklqana.
             Slain by an ogre
             ... wielding a +0 giant club
              (4 damage)
             ... on level 2 of the Orcish Mines on Jan 22, 2024.
             The game lasted 02:03:46 (19440 turns).

booth the Mimic (Grey Draconian Shapeshifter)      Turns: 19440, Time: 02:03:47

Health: -3/123     AC: 25    Str: 20    XL:     15   Next: 3%
Magic:  15/15      EV: 20    Int: 11    God:    Hepliaklqana [******]
Gold:   2056       SH:  5    Dex: 14    Spells: 14/14 levels left

rFire   + .          .
                       - Unarmed
rCold   . . .        (shield currently unavailable)
rNeg    . . .        (body armour unavailable)
rPois   +            M - +2 hat
rElec   .            T - +2 cloak
rCorr   .            y - +2 pair of gloves
SInv    .            i - +2 pair of boots
Will    +....        l - amulet of reflection
Stlth   +            p - ring of protection from fire
HPRegen 0.40/turn    B - ring of poison resistance
MPRegen 0.14/turn

%: reflection, clarity
@: about to teleport, flux-form, glowing
A: glow, contaminating, reduced essence, AC +14, amphibious, unfitting armour,
cold-blooded, clarity, screaming 1, persistent drain
a: Begin Untransformation, Renounce Religion, Recall Ancestor, Ancestor
Identity, Transference, Idealise


You were on level 2 of the Orcish Mines.
You worshipped Hepliaklqana.
Hepliaklqana was exalted by your worship.
You were something dangerously unstable.
You visited 4 branches of the dungeon, and saw 19 of its levels.
You also visited: Bailey.

You collected 2056 gold pieces.

Inventory:

Hand Weapons
 w - a +0 whip of flaming
 I - a +0 mace of protection
 J - a +0 war axe of protection
Missiles
 h - 25 poisoned darts
 q - 3 javelins
 t - 3 boomerangs (quivered)
 H - 5 atropa-tipped darts
Armour
 i - a +2 pair of boots (worn)
 y - a +2 pair of gloves (worn)
 M - a +2 hat (worn)
 T - a +2 cloak (worn)
Jewellery
 l - an amulet of reflection (around neck)
 p - a ring of protection from fire (left hand)
 A - the Hermit's Pendant {Faith Invo=14 Evo=0 MP+5}
   (You took it off a gnoll bouda on level 5 of the Dungeon)

   [amulet of faith]

   Invo=14: It sets your Invocations skill to 14.
   Evo=0: It sets your Evocations skill to 0.
   Faith:     It allows you to gain divine favour quickly.
   MP+5:      It affects your magic capacity (+5).
 B - a ring of poison resistance (right hand)
 C - a ring of resist corrosion
 R - a ring of willpower
 V - a ring of willpower
Talismans
 b - a beast talisman
 c - a flux talisman (active)
Wands
 r - a wand of flame (18)
 s - a wand of polymorph (11)
 E - a wand of iceblast (9)
 K - a wand of mindburst (29)
 L - a wand of quicksilver (2)
 N - a wand of charming (14)
Scrolls
 d - a scroll of revelation
 f - 4 scrolls of vulnerability
 k - 4 scrolls of teleportation
 n - 3 scrolls of immolation
 o - 8 scrolls of enchant weapon
 z - 2 scrolls of fog
 D - a scroll of poison
 F - 2 scrolls of butterflies
 G - 2 scrolls of fear
 O - 2 scrolls of torment
 S - 8 scrolls of identify
 X - a scroll of silence
 Z - 6 scrolls of enchant armour
Potions
 a - 5 potions of lignification
 e - 4 potions of brilliance
 g - 2 potions of resistance
 j - 3 potions of haste
 m - 3 potions of enlightenment
 u - 2 potions of attraction
 x - 3 potions of might
 P - a potion of ambrosia
 U - 3 potions of mutation
 Y - 2 potions of cancellation


   Skills:
 + Level 13.9 Fighting
 + Level 9.7 Axes
 + Level 8.4 Dodging
 + Level 13.7 Unarmed Combat
 + Level 14.1 Shapeshifting


You had 14 spell levels left.
You didn't know any spells.
Your spell library contained the following spells:

 Spells                   Type           Power      Damage    Failure   Level
 Kiss of Death            Conj/Necr      0%         2d5       34%         1
 Ensorcelled Hibernation  Hex/Ice        0%         N/A       47%         2
 Jinxbite                 Hex            0%         N/A       47%         2
 Lesser Beckoning         Tloc           0%         N/A       47%         2
 Scorch                   Fire           0%         2d5       47%         2
 Confusing Touch          Hex            0%         N/A       71%         3
 Gell's Gravitas          Tloc           0%         N/A       71%         3
 Passwall                 Erth           0%         N/A       71%         3
 Swiftness                Air            0%         N/A       71%         3
 Teleport Other           Tloc           0%         N/A       71%         3
 Dispel Undead            Necr           0%         3d6       98%         4
 Flame Wave               Conj/Fire      0%         2d4       98%         4
 Passage of Golubria      Tloc           0%         N/A       98%         4
 Silence                  Hex/Air        0%         N/A       100%        5
 Yara's Violent Unravell  Hex/Alch       0%         3d3       100%        5
 Summon Cactus Giant      Summ           0%         N/A       100%        6
 Enfeeble                 Hex            0%         N/A       100%        7
 Lehudib's Crystal Spear  Conj/Erth      0%         10d2      100%        8


Dungeon Overview and Level Annotations

Branches:
Dungeon (11/15)            Temple (1/1) D:7            Lair (5/5) D:11
 Shoals (0/4) Lair:3       Spider (0/4) Lair:3        Slime (0/5) Lair:5
    Orc (2/2) D:10         Bailey (visited)
    Elf: Orc:2

Altars:
Ashenzari
Cheibriados
Dithmenos
Elyvilon
Fedhas
Gozag
Hepliaklqana
Kikubaaqudgha
Makhleb
Nemelex Xobeh
Okawaru
Qazlal
Ru
Sif Muna
Trog
Uskayaw
Vehumet
Wu Jian
Xom
Yredelemnul
Zin
The Shining One
Jiyva

Shops:
D:4 [


Innate Abilities, Weirdness & Mutations

You are something dangerously unstable.
You glow with magical radiation, making you easy to see and hit.
Foes you strike become dangerously contaminated with magical radiation.
You are incapable of wielding weapons or throwing items.
Your life essence is reduced to manifest your ancestor. (-10% HP)
Your dull iron-grey scales are very hard. (AC +14)
You are amphibious.
You cannot fit into any form of body armour.
You are cold-blooded and may be slowed by cold attacks.
You possess an exceptional clarity of mind.
You occasionally shout uncontrollably at your foes.
Your health recovers twice as slowly from being drained.


Message History

The ogre shudders as magic cascades through it!!
You kill the ogre!
You block the ogre's attack. The ogre misses you. Something closely misses you.
The ogre attacks as it pursues you! You block the ogre's attack.
Things that are here:
a +0 giant club; a +0 giant club You barely miss the two-headed ogre.
You tail-slap the two-headed ogre.
The two-headed ogre is lightly wounded.
The ogre closely misses you. The ogre completely misses you.
Something hits you but does no damage.
The two-headed ogre hits you with a +0 giant club!!
The two-headed ogre misses you.
You hit the two-headed ogre.
The two-headed ogre begins to glow.
The two-headed ogre is lightly wounded.
The ogre misses you. The ogre completely misses you.
You hit the two-headed ogre but do no damage.
The two-headed ogre glows dangerously bright.
You tail-slap the two-headed ogre, but do no damage.
The two-headed ogre is lightly wounded.
You block the ogre's attack. Something closely misses you.
The two-headed ogre hits you with a +0 giant club!
* * * LOW HITPOINT WARNING * * *
The two-headed ogre hits you but does no damage.
You feel better. The ogre hits you with a +0 giant club!
* * * LOW HITPOINT WARNING * * *
As you read the scroll of teleportation, it crumbles to dust.
You feel strangely unstable. The ogre hits you but does no damage.
You hear some strange, mumbled words.
The ogre seems to speed up.
The two-headed ogre barely misses you. x2
An ogre comes into view. It is wielding a +0 giant club.
The two-headed ogre closely misses you. The two-headed ogre misses you.
You feel better. You block something's attack. The ogre misses you.
The two-headed ogre barely misses you. x2
The two-headed ogre hits you with a +0 giant club!!
* * * LOW HITPOINT WARNING * * *
The two-headed ogre hits you with a +0 dire flail!
* * * LOW HITPOINT WARNING * * *
The ogre hits you with a +0 giant club.
You die...

.<..#...##
#........#####
..........##.##
.........##...##
...........#...#
.......#....#.#
..............###
....#........OOO##
.........#...OOOp#
.............O#O#O#
.............#{O.O.#
.....##..#.....O$.##
....................#
... .............O..
.## ####..########...
... #.. ....


You could see 2 two-headed ogres and 11 ogres.

Vanquished Creatures
  7 dire elephants (Lair:5)
  A hydra (Lair:5)
  An ogre mage (Orc:2)
  Erica (D:9)
  4 two-headed ogres
  A death yak (Lair:5)
  A demonic crawler (D:11)
  A skyshark (Lair:2)
  3 spectral death yaks (Lair:5)
  A spectral anaconda (Lair:5)
  A lindwurm (Lair:4)
  An obsidian statue (Lair:5)
  3 necromancers (Lair:5)
  Pikel (D:5)
  An orc knight (Bailey)
  An orc sorcerer (Orc:1)
  2 oklob plants (Lair:5)
  2 wolf spiders (Lair:1)
  13 elephants
  3 black mambas
  A gargoyle (D:11)
  Maggie (D:6)
  A kobold demonologist (D:9)
  9 cane toads
  A torpor snail (Lair:2)
  Jeremiah (D:8)
  8 komodo dragons
  5 trolls
  Grinder (D:4)
  A polar bear (Lair:1)
  2 dream sheep (Lair:5)
  13 blink frogs
  Sigmund (D:3)
  A wraith (D:9)
  3 culicivoras (Lair:3)
  2 vampires
  A shadow (D:11)
  2 wyverns
  44 yaks
  Grum (D:9)
  4 basilisks
  2 wargs (Orc:1)
  3 vampire mosquitoes
  2 death yak simulacra (Lair:5)
  3 acid dragons
  2 swamp worms (D:11)
  13 water moccasins
  A sky beast (D:7)
  10 orc warriors
  5 black bears
  5 ice beasts
  An elephant skeleton (Lair:5)
  14 wolves
  2 elephant zombies (Lair:5)
  12 ogres
  3 centaurs
  2 lemures (D:5)
  5 bullfrogs
  2 kobold brigands (D:8)
  4 scorpions
  2 cane toad simulacra (Lair:5)
  A hexer (Lair:3)
  3 elephant simulacra (Lair:5)
  2 electric eels
  5 howler monkeys
  4 bombardier beetles
  A hound (D:4)
  8 orc priests
  3 sleepcaps
  A gnoll bouda (D:5)
  2 iguanas (D:5)
  14 orc wizards
  Robin (D:4)
  5 gnolls
  8 adders
  A shadow imp (D:7)
  2 white imps (D:6)
  2 dart slugs
  2 ribbon worms (D:2)
  62 orcs
  7 endoplasms
  3 giant cockroaches (D:2)
  11 goblins
  7 hobgoblins
  5 quokkas
  7 ball pythons
  5 bats
  3 frilled lizards (D:2)
  20 kobolds
  5 rats
445 creatures vanquished.

Vanquished Creatures (collateral kills)
  An ettin (Orc:2)
  A boulder beetle (Lair:5)
  3 two-headed ogres
  An orc knight (Orc:1)
  3 elephants
  3 cane toads
  A torpor snail (Lair:5)
  A black mamba (Lair:1)
  A komodo dragon (Lair:5)
  A rime drake (D:11)
  A polar bear (Lair:3)
  6 blink frogs
  A wyvern (D:7)
  9 yaks
  A wraith (D:11)
  4 basilisks
  A death yak simulacrum (Lair:5)
  A warg (Orc:1)
  2 water moccasins
  3 orc warriors
  5 ice beasts (D:11)
  An ogre (Orc:2)
  An elephant skeleton (Lair:5)
  8 wolves
  A kobold brigand (D:10)
  6 bullfrogs
  A cane toad simulacrum (Lair:5)
  A gnoll sergeant (D:8)
  An elephant simulacrum (Lair:5)
  A howler monkey (D:9)
  2 orc priests
  3 orc wizards
  24 orcs
  4 goblins (D:10)
  3 kobolds
107 creatures vanquished.

Vanquished Creatures (others)
  A two-headed ogre (Orc:2)
  9 hexers
  4 ancestors (D:9)
  A gnoll (D:5)
15 creatures vanquished.

Grand Total: 567 creatures vanquished

Notes
Turn   | Place    | Note
-------+----------+-------------------------------------------
     0 | D:1      | booth the Draconian Shapeshifter began the quest for the
                  | Orb.
     0 | D:1      | Reached XP level 1. HP: 16/16 MP: 1/1
   142 | D:1      | Reached XP level 2. HP: 23/23 MP: 2/2
   767 | D:2      | Reached XP level 3. HP: 17/29 MP: 3/3
  1181 | D:2      | Reached XP level 4. HP: 31/36 MP: 4/4
  2172 | D:3      | Noticed Sigmund
  2197 | D:3      | Killed Sigmund
  2198 | D:3      | Reached skill level 4 in Shapeshifting
  2198 | D:3      | Reached XP level 5. HP: 45/45 MP: 5/5
  2198 | D:3      | Reached XP level 6. HP: 51/51 MP: 6/6
  2584 | D:3      | Gained mutation: Your health recovers twice as slowly from
                  | being drained. [potion of mutation]
  2585 | D:3      | Lost mutation: Your health recovers twice as slowly from
                  | being drained. [potion of mutation]
  2585 | D:3      | Gained mutation: You are covered in fur. (AC +1) [potion of
                  | mutation]
  2585 | D:3      | Lost mutation: You are covered in fur. (AC +1) [potion of
                  | mutation]
  2585 | D:3      | Gained mutation: You do not regenerate when monsters are
                  | visible. [potion of mutation]
  2585 | D:3      | Gained mutation: You have supernaturally acute eyesight.
                  | (SInv) [potion of mutation]
  2586 | D:3      | Lost mutation: You have supernaturally acute eyesight.
                  | (SInv) [potion of mutation]
  2586 | D:3      | Lost mutation: You do not regenerate when monsters are
                  | visible. [potion of mutation]
  2586 | D:3      | Gained mutation: You possess an exceptional clarity of
                  | mind. [potion of mutation]
  2586 | D:3      | Gained mutation: Your health recovers twice as slowly from
                  | being drained. [potion of mutation]
  2689 | D:4      | Noticed Robin
  2707 | D:4      | Killed Robin
  2725 | D:4      | Reached skill level 5 in Shapeshifting
  2887 | D:4      | Found Mifou's Armour Shop.
  3055 | D:4      | Your scales start taking on a dull iron-grey colour.
  3055 | D:4      | Reached XP level 7. HP: 48/59 MP: 7/7
  3508 | D:4      | Noticed Grinder
  3517 | D:4      | Paralysed by Grinder for 3 turns
  3531 | D:4      | Killed Grinder
  3532 | D:4      | Reached skill level 5 in Unarmed Combat
  3532 | D:4      | Reached skill level 6 in Shapeshifting
  3756 | D:5      | Entered Level 5 of the Dungeon
  4133 | D:5      | Reached skill level 5 in Fighting
  4133 | D:5      | Reached XP level 8. HP: 65/68 MP: 8/8
  4355 | D:5      | Noticed Pikel
  4377 | D:5      | Killed Pikel
  4378 | D:5      | Reached skill level 7 in Shapeshifting
  4712 | D:5      | Reached skill level 8 in Shapeshifting
  4826 | D:6      | Noticed Maggie
  4836 | D:6      | Killed Maggie
  4837 | D:6      | Reached XP level 9. HP: 78/78 MP: 9/9
  4948 | D:6      | Found a hazy altar of Hepliaklqana.
  4962 | D:6      | Became a worshipper of Hepliaklqana the Forgotten
  5772 | D:7      | Reached * piety under Hepliaklqana
  5860 | D:7      | Reached skill level 9 in Shapeshifting
  5874 | D:7      | Found a staircase to the Ecumenical Temple.
  5883 | Temple   | Entered the Ecumenical Temple
  6290 | D:8      | Reached XP level 10. HP: 53/81 MP: 10/10
  6388 | D:8      | Noticed Jeremiah
  6404 | D:8      | Killed Jeremiah
  6692 | D:8      | Found a shadowy altar of Dithmenos.
  6706 | D:8      | Found a shimmering blue altar of Sif Muna.
  7258 | D:9      | Noticed Grum
  7279 | D:9      | Killed Grum
  7537 | D:9      | Noticed Erica
  7549 | D:9      | Killed Erica
  7550 | D:9      | Reached skill level 10 in Shapeshifting
  8037 | D:9      | Reached skill level 10 in Fighting
  8149 | D:9      | Reached ** piety under Hepliaklqana
  8150 | D:9      | Remembered your ancestor Meleia as a hexer
  8651 | D:9      | Reached XP level 11. HP: 90/90 MP: 11/11
  8745 | D:10     | Entered Level 10 of the Dungeon
  8923 | D:10     | Reached skill level 10 in Unarmed Combat
  9150 | D:10     | Reached skill level 1 in Axes
  9152 | D:10     | Found a flagged portal.
  9168 | Bailey   | Entered a bailey
  9272 | Bailey   | Noticed an orc knight
  9295 | Bailey   | Killed an orc knight
  9762 | D:10     | Found a staircase to the Orcish Mines.
 10278 | D:10     | Reached skill level 12 in Shapeshifting
 10278 | D:10     | Reached XP level 12. HP: 97/97 MP: 12/12
 10574 | D:11     | Reached skill level 5 in Axes
 10582 | D:11     | Reached *** piety under Hepliaklqana
 10587 | D:11     | Noticed a two-headed ogre
 10587 | D:11     | Noticed a two-headed ogre
 10606 | D:11     | Killed a two-headed ogre
 10607 | D:11     | Killed a two-headed ogre
 10817 | D:11     | Noticed a demonic crawler
 10830 | D:11     | Killed a demonic crawler
 11016 | D:11     | Found a staircase to the Lair.
 11050 | Lair:1   | Entered Level 1 of the Lair of Beasts
 11461 | Lair:1   | Reached XP level 13. HP: 87/104 MP: 13/13
 11692 | Lair:1   | Reached skill level 5 in Dodging
 12387 | Lair:2   | Reached **** piety under Hepliaklqana
 13389 | Lair:3   | Found a staircase to the Shoals.
 13404 | Lair:3   | You fall into a shaft and drop 2 floors!
 13404 | Lair:5   | Entered Level 5 of the Lair of Beasts
 13450 | Lair:5   | Reached skill level 13 in Shapeshifting
 13662 | Lair:3   | Reached ***** piety under Hepliaklqana
 14132 | Lair:3   | Found a hole to the Spider Nest.
 14932 | Lair:4   | Found a glowing silver altar of Zin.
 15298 | Lair:4   | Reached XP level 14. HP: 103/114 MP: 14/14
 15790 | Lair:5   | Identified the +0 scale mail of the Will of the Gods
                  | {+Blink Int+6}
 16337 | Lair:5   | Found a hazy altar of Hepliaklqana.
 16353 | Lair:5   | Found a viscous altar of Jiyva.
 16374 | Lair:5   | Found a staircase to the Slime Pits.
 17090 | Lair:5   | Gained mutation: You occasionally shout uncontrollably at
                  | your foes. [a neqoxec]
 18401 | Orc:1    | Entered Level 1 of the Orcish Mines
 18531 | Orc:1    | Reached skill level 14 in Shapeshifting
 18601 | Orc:1    | Paralysed by an orc sorcerer for 5 turns
 18812 | Orc:2    | Entered Level 2 of the Orcish Mines
 19075 | Orc:2    | Reached ****** piety under Hepliaklqana
 19417 | Orc:2    | Reached XP level 15. HP: 112/123 MP: 15/15
 19440 | Orc:2    | HP: 1/123 [two-headed ogre/+0 giant club (8)]
 19440 | Orc:2    | Slain by an ogre

Illustrated notes

Levels and vault maps discovered:
D:1:      minmay_arrival_four_houses, layout_loops_ring, chequers_jeans
D:2:      layout_basic
D:3:      layout_basic, uniq_sigmund
D:4:      layout_loops_ring, serial_shops, shop, glass_columns_a, uniq_robin,
          uniq_grinder
D:5:      layout_basic, uniq_pikel
D:6:      layout_cave_pools, mainiacjoe_overflow_alcove_1, uniq_maggie
D:7:      layout_cave_pods, minmay_temple_entry_antechambers
D:8:      layout_loops_ring, mainiacjoe_overflow_big_doors,
          chequers_serial_rivers_marsh, lightli_minifort, uniq_jeremiah
D:9:      layout_loops_ring, uniq_grum, uniq_erica
D:10:     layout_loops_corners, hiddenorc2_lemuel, enter_bailey_3,
          item_on_display_a
D:11:     layout_cave_pools, hellmonk_lair_entry_icy, worms_lemuel
Temple:   nicolae_temple_bog_church
Lair:1:   layout_cave_pods, st_stairs_8, minmay_hedge_maze,
          nicolae_lair_run_with_the_wolves, lemuel_fruit_tree
Lair:2:   layout_gridlike
Lair:3:   layout_chaotic_city, elwin_shoals_entry_rocks,
          hellmonk_spider_entry_life_and_decay
Lair:4:   layout_gridlike, basic_altar, nicolae_quartered_pool_super,
          serial_bayou_crossing, grunt_megastairs_4
Lair:5:   due_jungle_book, layout_regular_city, minmay_slime_entry_oklob_open,
          basic_altar, st_stairs_8, infiniplex_staircase_pool_2
Orc:1:    layout_caves
Orc:2:    st_orc_ogre_mass, layout_caves, basic_altar

Skill      XL: |  1  2  3  4  5  6  7  8  9 10 11 12 13 14 |
---------------+-------------------------------------------+-----
Dodging        | 2 3 4 6 8 |  8.4
Fighting       | 2 3 4 5 6 8 10 11 12 13 | 13.9
Unarmed Combat | 4 5 6 8 9 11 12 13 | 13.7
Shapeshifting  | 4 5 6 8 9 10 12 13 14 | 14.1
Axes           | 4 6 8 9 |  9.7

Action                     |  1- 3 |  4- 6 |  7- 9 | 10-12 | 13-15 || total
---------------------------+-------+-------+-------+-------+-------++-------
  Melee: Unarmed           |    86 |   145 |   306 |   519 |   854 ||  1910
         Tailslap          |     6 |    17 |    49 |    93 |   230 ||   395
         Punch             |     2 |     8 |     5 |       |       ||    15
  Throw: Boomerang         |       |     4 |    19 |       |       ||    23
 Invoke: Ancestor Identity |       |       |     1 |       |       ||     1
         Ancestor Life: He |       |       |       |     1 |       ||     1
         Recall Ancestor   |       |       |       |       |     2 ||     2
Ability: Begin Untransform |     1 |     1 |       |       |       ||     2
  Evoke: Wand              |       |       |       |     2 |     2 ||     4
    Use: Scroll            |     3 |     4 |    10 |    10 |     7 ||    34
         Potion            |     1 |     5 |     3 |     3 |     5 ||    17
   Stab: Sleeping          |       |     2 |     1 |       |       ||     3
         Confused          |       |       |       |    10 |    24 ||    34
         Distracted        |       |       |       |     2 |    12 ||    14
 Armour: Skin              |    48 |    72 |   148 |   288 |   376 ||   932
  Dodge: Dodged            |    41 |    58 |   179 |   469 |   563 ||  1310
         Repelled          |       |       |       |     3 |       ||     3
  Block: Other             |       |       |       |    41 |   131 ||   172
   Form: Beast             |     2 |     1 |       |       |       ||     3
         Flux              |       |       |     1 |       |       ||     1
